 Dungeon Crawl Stone Soup version 0.32-a0-543-gefe97123c3 (webtiles) character file.

Game seed: 9379150172748663690

2299648 GordonOverkill the Ex Machina (level 27, 249/249 HPs)
             Began as a Coglin Delver on Feb 29, 2024.
             Was a High Priest of Trog.
             Escaped with the Orb
             ... and 4 runes!
             The game lasted 02:35:38 (70614 turns).

GordonOverkill the Ex Machina (Coglin Delver)      Turns: 70614, Time: 02:35:38

Health: 249/249    AC: 36    Str: 25    XL:     27
Magic:  23/23      EV: 19    Int:  6    God:    Trog [*****.]
Gold:   5771       SH:  0    Dex: 16    Spells: 26/26 levels left

rFire   + + +        q - +7 demon trident (freeze) {Hugo}
rCold   + + +        c - +8 demon trident (freeze) {Gustavo}
rNeg    + . .        M - +8 gold dragon scales
rPois   +            N - +2 helmet {SInv}
rElec   +            h - scarf {rC+ rF+}
rCorr   .            k - +0 pair of gloves of Idac {Str+2 Dex-2 Slay+4 Stlth+}
SInv    +            b - +2 pair of slick slippers {slick, slippery, EV+4}
Will    ++...        s - amulet of Eternal Night {Spirit rElec rN+ Int-5 Stlth+} Stlth
                     (ring unavailable)
HPRegen 0.61/turn    (ring unavailable)
MPRegen 0.18/turn

%: guardian spirit
@: studying Staves
A: cold resistance 1, fire resistance 1, off-hand wielding, slow wielding,
warmup strikes, no rings, mutation resistance 1
0: Orb of Zot
}: 4/15 runes: barnacled, silver, abyssal, gossamer
a: Renounce Religion, Berserk, Trog's Hand, Brothers in Arms


You escaped.
You worshipped Trog.
Trog was extremely pleased with you.
You visited 10 branches of the dungeon, and saw 48 of its levels.
You visited the Abyss 1 time.
You also visited: Gauntlet, Ice Cave and Volcano.

You collected 7222 gold pieces.
You spent 1451 gold pieces at shops.

Inventory:

Hand Weapons
 c - a +8 demon trident of freezing (offhand) {Gustavo}
 q - a +7 demon trident of freezing (weapon) {Hugo}
Missiles
 t - 65 boomerangs (quivered)
 E - 4 curare-tipped darts
Armour
 b - the +2 pair of slick slippers (worn) {slick, slippery, EV+4}
   (You acquired it on level 11 of the Dungeon)

   Slick:     Its wearer cannot be constricted, engulfed, netted, webbed, or
   stopped by binding sigils.
   Slippery:  Its wearer slips away from damaging melee attacks, pulling the
   attacker onward.
   EV+4:      It affects your evasion (+4).
 h - a scarf of resistance (worn)
 k - the +0 pair of gloves of Idac (worn) {Str+2 Dex-2 Slay+4 Stlth+}
   (You found it in a Gauntlet)

   Str+2:     It affects your strength (+2).
   Dex-2:     It affects your dexterity (-2).
   Slay+4:    It affects your accuracy & damage with ranged weapons and melee
   (+4).
   Stlth+:    It makes you more stealthy.
 M - +8 gold dragon scales (worn)
 N - a +2 helmet of see invisible (worn)
Jewellery
 e - an amulet of regeneration
 j - an amulet of faith
 s - the amulet of Eternal Night (around neck) {Spirit rElec rN+ Int-5 Stlth+}
   (You found it on level 3 of the Vaults)

   [amulet of guardian spirit]

   Spirit:    It causes incoming damage to be divided between your reserves of
   health and magic.
   Int-5:     It affects your intelligence (-5).
   rElec:     It insulates you from electricity.
   rN+:       It protects you from negative energy.
   Stlth+:    It makes you more stealthy.
 O - the amulet of Vitality {RegenMP++ Regen++}
   (You found it on level 4 of the Spider Nest)

   [amulet of magic regeneration]

   RegenMP:   It increases your rate of magic regeneration.
   Regen++:   It increases your rate of health regeneration.
Wands
 g - a wand of digging (22)
 v - a wand of quicksilver (9)
 y - a wand of flame (77)
 z - a wand of roots (33)
 A - a wand of polymorph (37)
 D - a wand of mindburst (68)
 J - a wand of charming (49)
Scrolls
 a - 8 scrolls of poison
 m - 2 scrolls of brand weapon
 o - 8 scrolls of blinking
 r - 6 scrolls of revelation
 B - 7 scrolls of fear
 C - 2 scrolls of fog
 H - a scroll of torment
 K - 18 scrolls of teleportation
 L - 9 scrolls of immolation
 R - 2 scrolls of vulnerability
 S - 4 scrolls of butterflies
 W - 29 scrolls of identify
Potions
 d - a potion of resistance
 f - 5 potions of haste
 i - 7 potions of lignification
 l - 8 potions of heal wounds
 n - 28 potions of curing
 p - 7 potions of berserk rage
 u - a potion of invisibility
 w - 6 potions of enlightenment
 x - 10 potions of mutation
 F - 5 potions of magic
 I - 5 potions of might
 P - 8 potions of cancellation
 Z - 10 potions of ambrosia
Miscellaneous
 Q - a condenser vane
 T - a phantom mirror
 U - a lightning rod (4/4)
 V - a box of beasts
 X - a phial of floods


   Skills:
 O Level 27 Fighting
 - Level 4.6(11.4) Axes
 - Level 14.7(15.0) Polearms
 - Level 1.0 Throwing
 - Level 16.0 Armour
 + Level 24.7 Dodging
 - Level 4.1 Stealth
 O Level 27 Evocations


You had 26 spell levels left.
You didn't know any spells.
Your spell library contained the following spells:

 Spells                   Type           Power      Damage    Failure   Level
 Jinxbite                 Hex            0%         N/A       100%        2
 Lesser Beckoning         Tloc           0%         N/A       100%        2
 Gell's Gravitas          Tloc           0%         N/A       100%        3
 Teleport Other           Tloc           0%         N/A       100%        3
 Brom's Barrelling Bould  Conj/Erth      0%         2d3       100%        4
 Fireball                 Conj/Fire      0%         3d3       100%        5
 Iskenderun's Battlesphe  Conj           0%         2d6       100%        5
 Yara's Violent Unravell  Hex/Alch       0%         3d3       100%        5
 Conjure Ball Lightning   Conj/Air       0%         3x3d6     100%        6
 Enfeeble                 Hex            0%         N/A       100%        7
 Orb of Destruction       Conj           0%         9d5       100%        7


Dungeon Overview and Level Annotations

Branches:
Dungeon (15/15)            Temple (1/1) D:4            Lair (5/5) D:10
 Shoals (4/4) Lair:3       Spider (4/4) Lair:2        Slime (0/5) Lair:4
    Orc (2/2) D:10            Elf (3/3) Orc:2        Vaults (5/5) D:14
  Crypt (0/3) Vaults:3     Depths (4/4) D:15            Zot (5/5) Depths:4
  IceCv (visited)         Volcano (visited)         Gauntlet (visited)

Altars:
Ashenzari
Cheibriados
Dithmenos
Elyvilon
Fedhas
Gozag
Hepliaklqana
Kikubaaqudgha
Makhleb
Nemelex Xobeh
Okawaru
Qazlal
Ru
Sif Muna
Trog
Vehumet
Wu Jian
Xom
Yredelemnul
Zin
The Shining One
Beogh

Shops:
Orc:2 (**::(*(   Elf:2 !   Shoals:4 *   Vaults:3 [   Vaults:5 !   Depths:1 [([(
Depths:4 :

Portals:
Hell: Depths:1 Depths:2 Depths:3 Depths:4
Abyss: Depths:3
Pandemonium: Orc:2 Depths:2
Ziggurat: Depths:4


Innate Abilities, Weirdness & Mutations

Your flesh is cold resistant. (rC+)
Your flesh is heat resistant. (rF+)
You can wield a second weapon in your off-hand.
It takes a long time for you to wield or remove held weapons.
Your first few attacks do less damage.
Your grasper-arms cannot wear rings.
You are somewhat resistant to further mutation.


Message History

No target in view!
What level of the Dungeon? (default 1, ? - help)
There is a stone staircase leading up here.
You climb upwards.
There is a stone staircase leading down here.
There is a stone staircase leading up here.
You climb upwards.
There is a stone staircase leading down here.
There is a stone staircase leading up here.
You climb upwards.
There is a stone staircase leading down here.
An orange demon comes into view.
You reach to attack!
You hit the orange demon with your +8 demon trident of freezing.
You freeze the orange demon.
The orange demon is lightly wounded.
You impale the orange demon with your +7 demon trident of freezing!!
You freeze the orange demon.
You reach to attack!
You puncture the orange demon with your +8 demon trident of freezing!
You freeze the orange demon.
You kill the orange demon!
Trog accepts your kill.
No target in view!
No target in view!
No target in view!
No target in view!
What level of the Dungeon? (default 1, ? - help)
There is a stone staircase leading up here.
You climb upwards.
There is a stone staircase leading down here.
There is a stone staircase leading down here.
There is a stone staircase leading up here.
You climb upwards.
There is a stone staircase leading down here.
There is an escape hatch in the ceiling here.
A mysterious force pulls you upwards. The hatch slams shut behind you.
There is an open door here.
There is a staircase leading out of the dungeon here.
You have escaped!

##.#######.# #.................
##.# #.#####.#############...
##.# ##.............# ###. ##.#
##..#####'#####.# #. ##.#
##...#PPP#.#PPP#.# ##
##.####....#P⌠P#.#P⌠P#.## #
.....###...#PPP#.#PPP#..# #
.......##..#####.#####..# ##
###........'....@....'..# ##.
#......#.#####.#####..#######..
#........#PPP#.#PPP#...........
#......#.#P⌠P#.#P⌠P#.########..
#......#.#PPP#.#PPP#.# ##.##.
#...####.#####'#####.# #.....
#...# #.............# ##.##.
#...# ####..#.####### #.##.
#...# #....############.##.


There were no monsters in sight!

Vanquished Creatures
  2 dread liches
  6 orbs of fire
  3 ancient liches (Zot:5)
  Vv (Zot:3)
  Bai Suzhen (Vaults:2)
  A caustic shrike (Depths:3)
  7 Killer Klowns
  6 curse toes
  13 golden dragons
  A profane servitor (D:15)
  Nikola (Shoals:4)
  Jory (Depths:4)
  A bone dragon (Depths:4)
  A Brimstone Fiend (Zot:4)
  6 electric golems
  14 tentacled monstrosities
  25 Orb Guardians (Zot:5)
  7 liches
  2 deep elf blademasters
  A walking crystal tome (Depths:3)
  The ghost of topfpfpflanze the Warrior, an adept OpSh of Gozag (Spider:4)
  6 quicksilver dragons
  A kraken (Shoals:2)
  3 sphinxes
  4 titans (Vaults:5)
  2 deep elf master archers (Elf:3)
  Polyphemus (Shoals:3)
  2 tentacled starspawn (Abyss:3)
  11 shadow dragons
  11 death cobs
  5 tengu reavers
  Kirke (D:14)
  The ghost of Bizboz the Thaumaturge, an adept TeAl of Ashenzari (Shoals:3)
  16 storm dragons
  2 protean progenitors (Zot:5)
  Donald (Vaults:3)
  4 draconian monks
  Aizul (Elf:3)
  A fenstrider witch (Shoals:2)
  5 emperor scorpions
  Roxanne (D:14)
  4 draconian scorchers
  12 fire giants
  4 draconian knights
  5 draconian shifters
  4 deep elf elementalists (Elf:3)
  11 frost giants
  5 deep elf sorcerers
  6 ghost moths
  26 vault wardens
  A balrug (Depths:3)
  An iron dragon (Depths:3)
  2 orc warlords
  6 draconian stormcallers
  3 spriggan defenders
  11 stone giants
  2 formless jellyfish
  10 ironbound thunderhulks
  8 draconian annihilators
  15 ironbound preservers
  18 very ugly things
  3 deep elf death magi (Elf:3)
  3 vampire knights
  9 broodmothers
  6 deep elf demonologists (Elf:3)
  A lorocyproca (Depths:1)
  10 green draconians
  14 red draconians
  11 yellow draconians
  14 purple draconians
  The ghost of Xetatan the Brawler, a journeyman DrMo of Yredelemnul (D:15)
  A minotaur (Gauntlet)
  10 black draconians
  2 spark wasps
  Azrael (Spider:3)
  11 white draconians
  7 deep elf annihilators
  9 war gargoyles
  The ghost of xsansara the Lord of Darkness, a journeyman FeSu of Kikubaaqudgha (Spider:1)
  2 blizzard demons
  20 dire elephants
  Snorg (D:14)
  21 ettins
  The ghost of hofbold the Prestidigitator, a journeyman CoFi of Ru (Orc:2)
  An eidolon (Vaults:3)
  7 merfolk javelineers
  A green death (Depths:2)
  2 crystal guardians
  8 fire dragons
  5 great orbs of eyes
  5 merfolk impalers
  Fannar (D:12)
  19 yaktaur captains
  4 hydras
  4 entropy weavers
  10 ice dragons
  A peacekeeper (Vaults:4)
  7 deep elf high priests
  A spriggan air mage (Depths:1)
  25 vault guards
  5 rakshasas
  3 jorogumos
  5 catoblepae
  A demonspawn (Orc:2)
  7 radroaches
  10 boulder beetles
  9 merfolk aquamancers
  3 alligator snapping turtles
  25 centaur warriors
  A radroach (shapeshifter) (Vaults:4)
  29 dancing weapons
  2 merfolk avatars (Shoals:1)
  5 two-headed ogres
  7 ironbound frosthearts
  A satyr (Shoals:4)
  A hell hog (Volcano)
  A two-headed ogre (shapeshifter) (Vaults:3)
  12 deep troll earth magi
  7 deep troll shamans
  2 vampire magi
  19 death yaks
  6 orc high priests (Orc:2)
  3 occultists
  8 tengu warriors
  6 demonic crawlers
  6 spriggan berserkers
  3 sun demons
  7 hell knights
  21 deep elf knights
  A soul eater (Depths:2)
  2 shadow wraiths (Vaults:5)
  A fire crab (Gauntlet)
  A fire crab (shapeshifter) (Vaults:5)
  Amaemon (D:8)
  14 sea snakes
  9 pharaoh ants
  3 skysharks
  6 iron trolls
  12 skeletal warriors (D:13)
  A wretched star (Abyss:3)
  A sun moth (Spider:2)
  A shadow demon (D:11)
  43 deep trolls
  5 arcanists
  5 glowing orange brains
  10 orb spiders
  15 deep elf archers
  A wolf spider zombie (D:15)
  5 harpies
  2 flayed ghosts (Abyss:3)
  18 ironbound convokers
  A harpy (shapeshifter) (D:15)
  2 phantasmal warriors
  3 lindwurms
  6 steelbarb worms
  3 thermic dynamos
  3 lindwurms (shapeshifter)
  16 wolf spiders
  24 deep elf pyromancers
  6 necromancers
  A human zombie (Vaults:4)
  12 orc knights
  2 obsidian statues
  The ghost of AzureDraco the Covered, a novice DsFi of Okawaru (D:7)
  32 deep elf zephyrmancers
  25 ugly things
  8 orc sorcerers
  9 cyclopes
  17 fauns
  A moth of wrath (shapeshifter) (Depths:3)
  Maurice (D:12)
  18 manticores
  An elf zombie (Vaults:4)
  8 merfolk sirens
  2 meliai (shapeshifter) (Elf:1)
  2 human skeletons (Vaults:4)
  3 ice statues (IceCv)
  2 eyes of devastation (shapeshifter)
  25 vault sentinels
  38 moths of wrath
  3 black mambas
  2 rust devils
  14 elephants
  A large abomination (D:11)
  7 meliai
  7 water nymphs
  2 kobold blastminers (Orc:2)
  18 cane toads
  6 torpor snails
  2 centaur zombies (D:15)
  2 orange demons
  4 smoke demons
  2 apocalypse crabs
  A cane toad (shapeshifter) (D:11)
  An unseen horror (shapeshifter) (Elf:1)
  Jeremiah (D:9)
  4 rime drakes
  3 unseen horrors
  3 freezing wraiths
  17 komodo dragons
  54 yaktaurs
  2 kobold demonologists
  An anaconda simulacrum (IceCv)
  An ice devil (D:13)
  2 tengu conjurers
  Psyche (D:8)
  A queen bee (D:7)
  22 merfolk
  5 wind drakes
  An ancient zyme (Abyss:3)
  A hellwing (Orc:2)
  9 trolls
  A silent spectre (Abyss:3)
  5 red devils
  4 polar bears
  5 hornets
  A queen bee (shapeshifter) (Elf:1)
  14 dream sheep
  2 glass eyes (shapeshifter)
  12 blink frogs
  A raiju (shapeshifter) (Elf:1)
  A tarantella (shapeshifter) (Elf:2)
  30 tarantellas
  2 glass eyes
  A blink frog (shapeshifter) (Elf:3)
  19 jumping spiders
  8 snapping turtles
  15 culicivoras
  31 slime creatures
  3 shadows (D:11)
  2 air elementals
  Sigmund (D:2)
  2 ettin skeletons
  5 wraiths
  2 ynoxinuls
  A centaur simulacrum (D:12)
  61 yaks
  7 fire elementals
  2 small abominations (Abyss:3)
  A spriggan (shapeshifter) (D:14)
  5 wyverns
  Eustachio (D:5)
  6 hogs (D:14)
  4 spriggans
  A vampire (D:13)
  5 fire bats
  8 water elementals
  7 starcursed masses (Abyss:3)
  5 golden eyes (Depths:3)
  A basilisk (shapeshifter) (D:14)
  The ghost of LydaLydish the Slasher, an amateur HuFi (D:4)
  A neqoxec (Abyss:3)
  2 steam dragons
  6 vampire mosquitoes
  Grum (D:8)
  4 basilisks
  5 wargs
  54 redbacks
  2 death yak simulacra (IceCv)
  A chaos spawn (Abyss:3)
  2 acid dragons
  Edmund (D:4)
  A harpy simulacrum (IceCv)
  A hydra simulacrum (IceCv)
  Duvessa (D:5)
  26 water moccasins
  7 hell hounds
  2 ice beasts
  3 black bears
  37 orc warriors
  A tengu (shapeshifter) (D:14)
  3 ogres
  26 wolves
  9 centaurs
  2 phantoms (D:5)
  Blork the orc (D:4)
  2 gnoll sergeants
  22 bullfrogs
  An earth elemental (Elf:3)
  5 kobold brigands
  A scorpion (D:5)
  Dowan (D:5)
  12 killer bees
  2 elephant simulacra
  5 howler monkeys
  A bombardier beetle (D:6)
  2 hounds (D:5)
  6 jellies
  4 iron imps (Gauntlet)
  25 orc priests
  Crazy Yiuf (D:6)
  2 sleepcaps
  Terence (D:2)
  Jessica (D:3)
  2 iguanas (D:5)
  Natasha (thrice) (D:3)
  11 orc wizards
  3 polar bear simulacra
  2 spriggan simulacra (D:13)
  7 hell rats (Lair:4)
  3 troll simulacra (D:13)
  A wolf simulacrum (IceCv)
  Robin (D:2)
  9 gnolls
  2 adders
  2 ufetubi (D:6)
  3 ribbon worms
  5 dart slugs
  54 orcs
  10 ball pythons
  3 bats
  12 endoplasms
  4 giant cockroaches
  9 goblins
  15 hobgoblins
  A jackal (shapeshifter) (D:13)
  4 jackals
  A quokka (D:1)
  3 frilled lizards
  31 kobolds
  4 rats
  A spectral weapon (D:15)
2220 creatures vanquished.

Vanquished Creatures (collateral kills)
  An ancient lich (Vaults:5)
  Jorgrun (Elf:1)
  A storm dragon (Zot:1)
  A vault warden (Vaults:5)
  A black draconian (Zot:3)
  A red draconian (Zot:1)
  A phantasmal warrior (Vaults:5)
  2 harpies (Shoals:3)
  A manticore (Shoals:3)
  2 fauns (Shoals:3)
  A moth of wrath (Zot:1)
  A hornet (Depths:1)
14 creatures vanquished.

Vanquished Creatures (others)
  A shadow dragon (Depths:3)
  An ice dragon (Depths:2)
  A deep troll (Vaults:4)
  A hornet (shapeshifter) (Elf:3)
  A wolf (D:8)
  4 starspawn tentacles (Abyss:3)
9 creatures vanquished.

Grand Total: 2243 creatures vanquished

Notes
Turn   | Place    | Note
-------+----------+-------------------------------------------
     0 | D:5      | GordonOverkill the Coglin Delver began the quest for the
                  | Orb.
     0 | D:5      | Reached XP level 1. HP: 18/18 MP: 1/1
    12 | D:7      | Noticed a bullfrog
    31 | D:6      | Noticed a bombardier beetle
    96 | D:6      | Gained mutation: You are somewhat resistant to further
                  | mutation. [potion of mutation]
   112 | D:5      | Noticed a sleepcap
   129 | D:4      | Noticed a black bear
   139 | D:4      | Noticed LydaLydish's ghost (amateur HuFi)
   140 | D:4      | Found a runed translucent door.
   241 | D:3      | Found a stormy altar of Qazlal.
   241 | D:3      | Found a sparkling altar of Nemelex Xobeh.
   333 | D:3      | Reached XP level 2. HP: 24/24 MP: 2/2
   342 | D:3      | Noticed Jessica
   348 | D:3      | Killed Jessica
   349 | D:3      | Reached XP level 3. HP: 29/29 MP: 3/3
   427 | D:3      | Noticed Natasha
   497 | D:3      | Noticed a kobold brigand
   557 | D:2      | Reached XP level 4. HP: 31/35 MP: 4/4
   570 | D:2      | Noticed Robin
   602 | D:2      | Killed Robin
  1185 | D:1      | Reached skill level 1 in Polearms
  1576 | D:2      | Noticed Sigmund
  1584 | D:2      | Killed Sigmund
  1585 | D:2      | Reached XP level 5. HP: 29/41 MP: 5/5
  1585 | D:2      | Reached XP level 6. HP: 33/47 MP: 6/6
  2242 | D:2      | Noticed Terence
  2252 | D:2      | Killed Terence
  2458 | D:3      | Found a shadowy altar of Dithmenos.
  2768 | D:3      | Killed Natasha
  2832 | D:3      | Noticed Natasha
  2839 | D:3      | Killed Natasha
  2840 | D:3      | Reached skill level 1 in Throwing
  2840 | D:3      | Reached XP level 7. HP: 34/52 MP: 7/7
  3042 | D:3      | Found a stormy altar of Qazlal.
  3042 | D:3      | Found a sparkling altar of Nemelex Xobeh.
  3223 | D:3      | Found a shadowy altar of Dithmenos.
  3289 | D:3      | Noticed Natasha
  3296 | D:3      | Killed Natasha
  3928 | D:4      | Reached skill level 5 in Polearms
  3971 | D:4      | Noticed Edmund
  3983 | D:4      | Killed Edmund
  4307 | D:4      | Noticed Blork the orc
  4327 | D:4      | Killed Blork the orc
  4328 | D:4      | Reached XP level 8. HP: 50/58 MP: 8/8
  4487 | D:4      | Found a staircase to the Ecumenical Temple.
  4631 | D:5      | Noticed Duvessa
  4632 | D:5      | Noticed Dowan
  4637 | D:5      | Noticed Eustachio
  4646 | D:5      | Killed Duvessa
  4905 | D:5      | Killed Eustachio
  5090 | D:5      | Killed Dowan
  5521 | Temple   | Entered the Ecumenical Temple
  5557 | Temple   | Became a worshipper of Trog the Wrathful
  5681 | D:6      | Reached XP level 9. HP: 60/63 MP: 9/9
  5747 | D:6      | Found a runed translucent door.
  5748 | D:6      | Noticed Crazy Yiuf
  5988 | D:6      | Found a basalt altar of Yredelemnul.
  6256 | D:6      | Killed Crazy Yiuf
  6467 | D:7      | Reached skill level 1 in Evocations
  6488 | D:7      | Identified the +1 ring mail of the Valley {Int+2}
  6556 | D:7      | Found a blossoming altar of Fedhas.
  6574 | D:7      | Noticed a hornet
  6577 | D:7      | Noticed a queen bee
  6586 | D:7      | Found a transporter.
  6591 | D:7      | Found a transporter.
  6601 | D:7      | Noticed AzureDraco's ghost (novice DsFi)
  6917 | D:8      | Found a shimmering blue altar of Sif Muna.
  6959 | D:8      | Noticed a two-headed ogre
  6989 | D:8      | Killed a two-headed ogre
  6990 | D:8      | Reached skill level 5 in Fighting
  6990 | D:8      | Reached skill level 10 in Polearms
  7278 | D:7      | Found a transporter.
  7283 | D:7      | Found a transporter.
  7313 | D:7      | Found a blossoming altar of Fedhas.
  7714 | D:8      | Noticed Psyche
  7727 | D:8      | Killed Psyche
  7933 | D:8      | Noticed Grum
  7934 | D:8      | Noticed an orange demon
  7934 | D:8      | Noticed Amaemon
  7939 | D:8      | Reached XP level 10. HP: 74/74 MP: 10/10
  7957 | D:8      | Reached * piety under Trog
  8183 | D:8      | Killed an orange demon
  8184 | D:8      | Killed Grum
  8381 | D:8      | Killed Amaemon
  9352 | D:9      | Noticed a kobold demonologist
  9357 | D:9      | Killed a kobold demonologist
  9357 | D:9      | Noticed a kobold demonologist
  9440 | D:8      | Killed a kobold demonologist
 10496 | D:9      | Reached XP level 11. HP: 59/79 MP: 11/11
 10652 | D:9      | Noticed Jeremiah
 10667 | D:9      | Killed Jeremiah
 10668 | D:9      | Reached skill level 1 in Armour
 10735 | D:9      | Noticed a two-headed ogre
 10741 | D:9      | Killed a two-headed ogre
 11082 | D:9      | Found an ancient bone altar of Kikubaaqudgha.
 11120 | D:10     | Entered Level 10 of the Dungeon
 11749 | D:10     | Reached ** piety under Trog
 11830 | D:10     | Found a snail-covered altar of Cheibriados.
 11860 | D:10     | Found a staircase to the Orcish Mines.
 12024 | D:10     | Found a glowing golden altar of the Shining One.
 12090 | D:10     | Found a staircase to the Lair.
 12343 | D:11     | Reached skill level 5 in Dodging
 12393 | D:11     | Found a gate leading to a gauntlet.
 12402 | D:11     | Reached skill level 5 in Armour
 12435 | Gauntlet | Entered a Gauntlet
 12435 | Gauntlet | Found a transporter.
 12435 | Gauntlet | Found a transporter.
 12447 | Gauntlet | Found a transporter.
 12463 | Gauntlet | Noticed a fire crab
 12465 | Gauntlet | Found a transporter.
 12465 | Gauntlet | Found a transporter.
 12465 | Gauntlet | Found a transporter.
 12467 | Gauntlet | Found a transporter.
 12467 | Gauntlet | Found a transporter.
 12480 | Gauntlet | Noticed a moth of wrath
 12482 | Gauntlet | Found a transporter.
 12490 | Gauntlet | Found the +4 Cigotuvi's embrace {Corpsefed rMiasma ^Drain
                  | rN+}
 12497 | Gauntlet | Found a transporter.
 12505 | Gauntlet | Noticed a ghost crab
 12507 | Gauntlet | Found a transporter.
 12521 | Gauntlet | Found a transporter.
 12541 | Gauntlet | Found a transporter.
 12553 | Gauntlet | Found a transporter.
 12733 | Gauntlet | Killed a fire crab
 12862 | Gauntlet | Identified the +0 pair of gloves of Idac {Str+2 Dex-2
                  | Slay+4 Stlth+}
 12885 | Gauntlet | Noticed a minotaur
 12899 | Gauntlet | Killed a minotaur
 12900 | Gauntlet | Reached XP level 12. HP: 92/92 MP: 12/12
 12948 | Gauntlet | Identified the +0 pair of gloves of Cuatoen {^Contam rElec
                  | rPois SInv}
 12957 | Gauntlet | Identified the +0 robe of Eqasod Ofapt {rF+ Will+ Str+2}
 13131 | D:11     | Noticed a two-headed ogre
 13137 | D:11     | Noticed a centaur warrior
 13145 | D:11     | Killed a centaur warrior
 13146 | D:11     | Noticed a boulder beetle
 13149 | D:11     | Killed a two-headed ogre
 13364 | D:11     | Killed a boulder beetle
 13365 | D:11     | Reached skill level 10 in Fighting
 13828 | D:11     | Identified a scroll of acquirement
 13828 | D:11     | Acquired the +2 pair of slick slippers {slick, slippery,
                  | EV+4}
 13828 | D:11     | Found the +2 pair of slick slippers {slick, slippery, EV+4}
 13931 | Lair:1   | Entered Level 1 of the Lair of Beasts
 13973 | Lair:1   | Reached *** piety under Trog
 14119 | Lair:1   | Gained mutation: Your flesh is cold resistant. (rC+)
                  | [Coglin growth]
 14119 | Lair:1   | Gained mutation: Your flesh is heat resistant. (rF+)
                  | [Coglin growth]
 14119 | Lair:1   | Reached XP level 13. HP: 103/103 MP: 13/13
 14612 | Lair:1   | Reached skill level 10 in Armour
 14624 | Lair:1   | Reached **** piety under Trog
 15391 | Lair:2   | Found a hole to the Spider Nest.
 16319 | Lair:3   | Found a dark tunnel.
 16335 | Lair:3   | Reached ***** piety under Trog
 16340 | Volcano  | Entered a volcano
 16442 | Volcano  | Reached skill level 10 in Dodging
 16535 | Lair:3   | Reached XP level 14. HP: 110/110 MP: 14/14
 16581 | Lair:3   | Reached skill level 5 in Evocations
 17133 | Lair:3   | Found a staircase to the Shoals.
 17595 | Lair:4   | Identified the +1 spear of Ybrutaza {heavy, Dex+4 Stlth+}
                  | (Trog gifted it to you on level 4 of the Lair of Beasts)
 17595 | Lair:4   | Received a gift from Trog
 17643 | Lair:4   | You fall into a shaft and drop 1 floor!
 17643 | Lair:5   | Entered Level 5 of the Lair of Beasts
 18145 | Lair:4   | Found a staircase to the Slime Pits.
 18559 | Lair:5   | Received a gift from Trog
 19098 | Lair:5   | Reached XP level 15. HP: 91/126 MP: 15/15
 19809 | Lair:5   | Reached skill level 15 in Fighting
 20564 | D:12     | Received a gift from Trog
 20784 | D:12     | Reached skill level 10 in Evocations
 20865 | D:12     | Identified the +2 helmet of Exoett {Harm rElec}
 20953 | D:12     | Noticed Fannar
 20961 | D:12     | Killed Fannar
 20992 | D:12     | Noticed Maurice
 21001 | D:12     | Killed Maurice
 21262 | D:13     | Found a frozen archway.
 21346 | IceCv    | Entered an ice cave
 21890 | IceCv    | Identified the +2 robe of Intercession {rPois Will-
                  | Archmagi}
 23060 | D:13     | Reached XP level 16. HP: 107/136 MP: 16/16
 23399 | D:14     | Noticed Snorg
 23406 | D:14     | Killed Snorg
 23411 | D:14     | Received a gift from Trog
 23972 | D:14     | Noticed Kirke
 24078 | D:14     | Found a gate to the Vaults.
 24106 | D:14     | Killed Kirke
 24166 | D:14     | Noticed Roxanne
 24184 | D:14     | Killed Roxanne
 24483 | D:15     | Entered Level 15 of the Dungeon
 25280 | D:15     | Found a staircase to the Depths.
 25336 | D:15     | Found a runed translucent gate.
 25336 | D:15     | Identified the +5 mace of Execution {spect, rElec rF+
                  | Dex+2}
 25336 | D:15     | Identified the +1 plate armour of the Forgotten Invaders
                  | {rPois}
 25336 | D:15     | Identified the ring of Mach {rN+ Will+ Dex+3}
 25337 | D:15     | Found a runed translucent gate.
 25338 | D:15     | Found a runed translucent gate.
 25339 | D:15     | Noticed Xetatan's ghost (journeyman DrMo)
 25505 | D:15     | Found a roughly hewn altar of Beogh.
 25577 | D:15     | Killed Xetatan's ghost
 25965 | D:7      | Killed AzureDraco's ghost
 26126 | D:4      | Killed LydaLydish's ghost
 26300 | Orc:1    | Entered Level 1 of the Orcish Mines
 26420 | Orc:2    | Entered Level 2 of the Orcish Mines
 26420 | Orc:2    | Found a transporter.
 26428 | Orc:2    | Found a bloodstained altar of Trog.
 26431 | Orc:2    | Noticed hofbold's ghost (journeyman CoFi)
 26447 | Orc:2    | Killed hofbold's ghost
 26469 | Orc:2    | Found a transporter.
 26583 | Orc:2    | Found Zyosess's Antique Weapon Shoppe.
 26667 | Orc:1    | Received a gift from Trog
 26883 | Orc:2    | Found Sirrazih's Assorted Antiques.
 26916 | Orc:2    | Bought a scroll of teleportation for 99 gold pieces
 26916 | Orc:2    | Bought a potion of mutation for 264 gold pieces
 26976 | Orc:2    | Found Plog's General Store.
 26978 | Orc:2    | Found Tuny's General Store.
 27050 | Orc:2    | Bought a potion of curing for 42 gold pieces
 27050 | Orc:2    | Bought a scroll of teleportation for 42 gold pieces
 27362 | Orc:2    | Reached XP level 17. HP: 142/142 MP: 17/17
 27369 | Orc:2    | Paralysed by an orc sorcerer for 3 turns
 27415 | Orc:2    | Found Tutedd's Book Shoppe.
 27415 | Orc:2    | Found Nops's Antique Weapon Emporium.
 27416 | Orc:2    | Found a one-way gate leading to the halls of Pandemonium.
 27453 | Orc:2    | Found a staircase to the Elven Halls.
 27454 | Orc:2    | Found Zogag's Book Emporium.
 27503 | Orc:2    | Found a roughly hewn altar of Beogh.
 27543 | Orc:2    | Identified the +2 scimitar "Undertaker" {antimagic, Dex+3
                  | Stlth+} (Trog gifted it to you on level 2 of the Orcish
                  | Mines)
 27543 | Orc:2    | Received a gift from Trog
 27694 | Orc:2    | Found Otit's Antique Weapon Boutique.
 28137 | Shoals:1 | Entered Level 1 of the Shoals
 30091 | Shoals:2 | Received a gift from Trog
 30355 | Shoals:2 | Noticed a kraken
 30391 | Shoals:2 | Killed a kraken
 30505 | Shoals:3 | Noticed Polyphemus
 30579 | Shoals:3 | Killed Polyphemus
 30703 | Shoals:3 | Reached skill level 15 in Armour
 30703 | Shoals:3 | Reached skill level 15 in Dodging
 30731 | Shoals:3 | Identified the +12 chain mail "Qapt" {rN+ Will- Str+3
                  | Stlth-}
 30765 | Shoals:3 | Reached XP level 18. HP: 33/149 MP: 18/18
 31280 | Shoals:4 | Entered Level 4 of the Shoals
 31562 | Shoals:4 | Identified the staff of Xoxtem {Fly rPois Int+6 Dex+2
                  | Alchemy}
 31819 | Shoals:4 | Received a gift from Trog
 32004 | Shoals:4 | Reached ****** piety under Trog
 32087 | Shoals:4 | Got a barnacled rune of Zot
 32174 | Shoals:4 | Noticed Nikola
 32186 | Shoals:4 | Killed Nikola
 32559 | Shoals:4 | Found a runed translucent gate.
 32559 | Shoals:4 | Found a runed translucent gate.
 32559 | Shoals:4 | Found a runed translucent gate.
 32561 | Shoals:4 | Found an opulent altar of Gozag.
 32565 | Shoals:4 | Noticed Bizboz's ghost (adept TeAl)
 32780 | Shoals:3 | Killed Bizboz's ghost
 33060 | Shoals:4 | Bought a scroll of fear for 124 gold pieces
 33357 | Spider:1 | Entered Level 1 of the Spider Nest
 33733 | Spider:1 | Received a gift from Trog
 33796 | Spider:1 | Reached skill level 15 in Evocations
 34033 | Spider:1 | Found a runed translucent gate.
 34033 | Spider:1 | Found a runed translucent gate.
 34033 | Spider:1 | Found a runed translucent gate.
 34039 | Spider:1 | Noticed xsansara's ghost (journeyman FeSu)
 34596 | Spider:1 | Killed xsansara's ghost
 34618 | Spider:1 | Identified the +2 hat "Ynlomehe" {Str+5}
 34956 | Spider:2 | Identified the +2 chain mail of the Catfish {MP+9 Int+4}
 35212 | Spider:2 | Reached XP level 19. HP: 157/157 MP: 19/19
 35804 | Spider:3 | Received a gift from Trog
 36012 | Spider:3 | Noticed Azrael
 36040 | Spider:3 | Killed Azrael
 36508 | Spider:4 | Entered Level 4 of the Spider Nest
 36559 | Spider:4 | Found a runed translucent gate.
 36560 | Spider:4 | Found a runed translucent gate.
 36560 | Spider:4 | Noticed topfpfpflanze's ghost (adept OpSh)
 36607 | Spider:4 | Found a runed translucent gate.
 36913 | Spider:4 | Found the amulet of Vitality {RegenMP++ Regen++}
 37019 | Spider:4 | Received a gift from Trog
 37963 | Spider:4 | Got a gossamer rune of Zot
 38549 | Spider:4 | Killed topfpfpflanze's ghost
 38928 | Vaults:1 | Entered Level 1 of the Vaults
 39224 | Vaults:1 | Reached XP level 20. HP: 123/176 MP: 20/20
 39950 | Vaults:1 | Received a gift from Trog
 40579 | Vaults:1 | Identified the +3 morningstar of Xaschiov {vamp, rF+ Int+2}
 41048 | Vaults:2 | Noticed Bai Suzhen
 41067 | Vaults:2 | Killed Bai Suzhen
 41749 | Vaults:2 | Received a gift from Trog
 42704 | Vaults:2 | Received a gift from Trog
 42761 | Vaults:2 | Found a transporter.
 42773 | Vaults:2 | Found a transporter.
 42840 | Vaults:2 | Reached XP level 21. HP: 179/183 MP: 21/21
 43024 | Vaults:2 | Identified the ring "Vigentus" {rN+ Int+4 Dex+6}
 43207 | Vaults:3 | Found a transporter.
 43251 | Vaults:3 | Found a transporter.
 43465 | Vaults:3 | Found a staircase to the Crypt.
 43481 | Vaults:3 | Identified the -1 kite shield "Emyloch" {Str+3}
 43481 | Vaults:3 | Noticed Donald
 43490 | Vaults:3 | Killed Donald
 43565 | Vaults:3 | Received a gift from Trog
 44152 | Vaults:3 | Found Jyzirank's Armour Boutique.
 44245 | Vaults:3 | Paralysed by a formless jellyfish for 1 turns
 44429 | Vaults:3 | Identified the +6 trident of the Apocalypse {heavy, rN+
                  | Str+2}
 44444 | Vaults:3 | Identified the +4 acid dragon scales "Hoppea" {Rampage rC+
                  | rCorr Str-3}
 44458 | Vaults:3 | Identified the ring of the Mantidfly {^Drain rF++ rC+ MP+9
                  | SInv}
 44471 | Vaults:3 | Identified the amulet of Eternal Night {Spirit rElec rN+
                  | Int-5 Stlth+}
 44614 | Vaults:3 | Received a gift from Trog
 45466 | Vaults:4 | Paralysed by a formless jellyfish for 1 turns
 45728 | Vaults:4 | Reached XP level 22. HP: 190/190 MP: 22/22
 46322 | Depths:1 | Entered Level 1 of the Depths
 46338 | Depths:1 | Found Doatutz's Antique Weapon Shop.
 46340 | Depths:1 | Found Duhipnis's Antique Armour Shop.
 46340 | Depths:1 | Found Velais's Weapon Boutique.
 46345 | Depths:1 | Found Fuipnut's Antique Armour Boutique.
 46643 | Depths:1 | Received a gift from Trog
 46940 | Depths:1 | Found a gateway to Hell.
 47157 | Depths:1 | Found a shimmering altar of Xom.
 47390 | Depths:2 | Noticed a golden dragon
 47440 | Depths:2 | Killed a golden dragon
 47657 | Depths:2 | Received a gift from Trog
 47909 | Depths:2 | Found a sparkling altar of Nemelex Xobeh.
 49012 | Depths:3 | Received a gift from Trog
 49019 | Depths:3 | Reached skill level 27 in Evocations
 49019 | Depths:3 | Reached XP level 23. HP: 188/189 MP: 23/23
 49239 | Depths:3 | Noticed a caustic shrike
 49245 | Depths:3 | Killed a caustic shrike
 49301 | Depths:3 | Identified the +5 ring mail "Jeeti" {rC- rN+++ Slay+3}
 49876 | Depths:3 | Found a one-way gate to the infinite horrors of the Abyss.
 49956 | Depths:3 | Noticed a golden dragon
 49967 | Depths:3 | Killed a golden dragon
 50385 | Depths:4 | Entered Level 4 of the Depths
 50386 | Depths:4 | Noticed a golden dragon
 50396 | Depths:4 | Noticed Jory
 50516 | Depths:4 | Found a one-way gateway to a ziggurat.
 50552 | Depths:4 | Killed a golden dragon
 50609 | Depths:4 | Found Appal's Book Shoppe.
 50628 | Depths:4 | Received a gift from Trog
 50725 | Depths:4 | Found a broken altar of Ashenzari.
 50890 | Depths:4 | Killed Jory
 51094 | Depths:4 | Found a gate to the Realm of Zot.
 51920 | Vaults:5 | Entered Level 5 of the Vaults
 52229 | Vaults:5 | Received a gift from Trog
 52528 | Vaults:5 | Reached XP level 24. HP: 199/199 MP: 23/23
 52893 | Vaults:5 | Found Fitwoazore's Distillery.
 52901 | Vaults:5 | Bought a potion of curing for 42 gold pieces
 52901 | Vaults:5 | Bought a potion of heal wounds for 70 gold pieces
 52901 | Vaults:5 | Bought a potion of curing for 42 gold pieces
 52901 | Vaults:5 | Bought a potion of curing for 42 gold pieces
 53062 | Vaults:5 | Received a gift from Trog
 53133 | Vaults:5 | Noticed a dread lich
 53148 | Vaults:5 | Killed a dread lich
 53206 | Vaults:5 | Paralysed by a sphinx for 5 turns
 53234 | Vaults:5 | Got a silver rune of Zot
 53260 | Vaults:5 | Noticed an ancient lich
 53263 | Vaults:5 | Identified the +9 dagger of the Writhing Oracle {freeze,
                  | *Rage rN+ Int+3 Dex+4}
 53270 | Vaults:5 | Killed an ancient lich
 53311 | Vaults:5 | Identified the +7 halberd of Melee {distort, rN++ Dex+3}
 53516 | Vaults:5 | Identified the +0 scale mail "Vireqegy" {Will++ Int-2}
 54224 | Elf:1    | Entered Level 1 of the Elven Halls
 54258 | Elf:1    | Received a gift from Trog
 55025 | Elf:1    | Noticed Jorgrun
 55029 | Elf:1    | Killed Jorgrun
 55228 | Elf:2    | Received a gift from Trog
 55280 | Elf:2    | Found a shimmering altar of Xom.
 55285 | Elf:2    | Found a radiant altar of Vehumet.
 55440 | Elf:2    | Found a runed translucent gate.
 55441 | Elf:2    | Found a runed translucent gate.
 55441 | Elf:2    | Found a runed translucent gate.
 55565 | Elf:2    | Found Fichyjoi's Distillery.
 55572 | Elf:2    | Bought a potion of invisibility for 152 gold pieces
 55572 | Elf:2    | Bought a potion of mutation for 152 gold pieces
 55572 | Elf:2    | Bought a potion of enlightenment for 95 gold pieces
 55572 | Elf:2    | Bought a potion of heal wounds for 95 gold pieces
 55572 | Elf:2    | Bought a potion of heal wounds for 95 gold pieces
 55572 | Elf:2    | Bought a potion of heal wounds for 95 gold pieces
 56133 | Elf:3    | Entered Level 3 of the Elven Halls
 56155 | Elf:3    | Found an ancient bone altar of Kikubaaqudgha.
 56193 | Elf:3    | Paralysed by an air elemental for 1 turns
 56228 | Elf:3    | Received a gift from Trog
 56255 | Elf:3    | Reached XP level 25. HP: 217/230 MP: 20/23
 56733 | Elf:3    | Identified the +0 battleaxe of the Magi {drain, rCorr Int+4
                  | Stlth-}
 56733 | Elf:3    | Identified the ring of Jaoti {Ice Will++ Int-3}
 56760 | Abyss:2  | Cast into level 2 of the Abyss (a deep elf demonologist)
 56864 | Abyss:3  | Found a corrupted altar of Lugonu.
 57182 | Abyss:3  | Got an abyssal rune of Zot
 57192 | Elf:3    | Escaped the Abyss
 57199 | Elf:3    | Received a gift from Trog
 57232 | Elf:3    | Identified the ring of Life {rF+ MP+9 Str+6}
 57272 | Elf:3    | Identified the +8 hand axe "Feeggi" {holy, Int+3 Dex+3}
 57414 | Elf:3    | Identified the ring "Jute Fuysiym" {rC+ rCorr Str+6 Dex-5}
 57459 | Elf:3    | Reached skill level 27 in Fighting
 57675 | Elf:3    | Identified the serpent talisman "Xeerir" {Will+}
 57675 | Elf:3    | Noticed Aizul
 57684 | Elf:3    | Killed Aizul
 57894 | Elf:3    | Identified the +6 long sword of Dim Light {protect, rPois
                  | rN+++ Will- Stlth+}
 58190 | Elf:3    | Identified the staff of Heskiduok {+Blink rF+ Str+2 Fire
                  | Earth}
 58679 | Zot:1    | Entered Level 1 of the Realm of Zot
 59369 | Zot:1    | Identified the +5 war axe of the Extremes {flame, Dex+3}
                  | (Trog gifted it to you on level 1 of the Realm of Zot)
 59369 | Zot:1    | Received a gift from Trog
 59560 | Zot:1    | Found a blossoming altar of Fedhas.
 60950 | Zot:2    | Noticed an orb of fire
 60958 | Zot:2    | Killed an orb of fire
 61040 | Zot:2    | Reached XP level 26. HP: 200/242 MP: 20/23
 61456 | Zot:2    | Received a gift from Trog
 62229 | Zot:3    | Noticed a Killer Klown
 62239 | Zot:3    | Killed a Killer Klown
 62289 | Zot:3    | Noticed an orb of fire
 62303 | Zot:2    | Killed an orb of fire
 63274 | Zot:3    | Received a gift from Trog
 63468 | Zot:3    | Noticed Vv
 63799 | Zot:3    | Identified the +1 orcbow "Iguveu" {speed, Fly rPois rCorr}
 63841 | Zot:3    | Killed Vv
 65932 | Zot:5    | Entered Level 5 of the Realm of Zot
 66003 | Zot:5    | Noticed an orb of fire
 66024 | Zot:5    | Killed an orb of fire
 66028 | Zot:5    | Reached XP level 27. HP: 245/245 MP: 18/23
 66739 | Zot:5    | Received a gift from Trog
 66746 | Zot:5    | Noticed an orb of fire
 66756 | Zot:5    | Killed an orb of fire
 66766 | Zot:5    | Noticed an ancient lich
 66778 | Zot:5    | Killed an ancient lich
 66793 | Zot:5    | Noticed an orb of fire
 66808 | Zot:5    | Killed an orb of fire
 66960 | Zot:5    | Noticed an ancient lich
 66978 | Zot:5    | Killed an ancient lich
 67018 | Zot:5    | Noticed an orb of fire
 67033 | Zot:5    | Killed an orb of fire
 67038 | Zot:5    | Noticed a dread lich
 67039 | Zot:5    | Paralysed by a dread lich for 4 turns
 67057 | Zot:5    | Killed a dread lich
 67463 | Zot:5    | Noticed an ancient lich
 67634 | Zot:5    | Killed an ancient lich
 69931 | Zot:5    | Got the Orb of Zot
 69982 | Zot:4    | Noticed Rentuwim the pandemonium lord
 70614 | D:$      | Escaped with the Orb!

Illustrated notes

Levels and vault maps discovered:
D:1:      beargit_arrival_greenhouse, layout_loops_ring, minmay_pentomino_s2
D:2:      layout_basic, uniq_sigmund, uniq_robin, uniq_terence
D:3:      cheibrodos_thug_alley, layout_loops_ring,
          grunt_dithmenos_smoke_and_mirrors, jmf_multi_god_temple,
          chequers_serial_rivers_large_a, uniq_jessica, uniq_natasha
D:4:      layout_rooms, minmay_temple_entry_proselytizer,
          hellmonk_ghost_happy_afterlife, sigmund_army, uniq_blork_the_orc,
          uniq_edmund
D:5:      layout_loops_ring, nicolae_the_louvre, uniq_eustachio, uniq_duvessa
D:6:      layout_rooms, mainiacjoe_overflow_concentric_impassable,
          uniq_crazy_yiuf_cottage
D:7:      layout_rooms, mainiacjoe_overflow_alcove_1, gammafunk_ghost_hive
D:8:      layout_basic, nicolae_sif_muna_condensation, minmay_manual_mares,
          uniq_grum, uniq_amaemon, uniq_psyche
D:9:      layout_loops_ring, nicolae_overflow_hidden_temple,
          einodemon_armed_red_devil_minivault, uniq_jeremiah
D:10:     layout_gridville, cheibriados_altar_1, amcnicky_altar_gilded,
          due_lair_maze_entry_diamond, orc_0_dummy, dk_noncrumbling_2
D:11:     layout_roguey, gauntlet_entry_generic, minmay_pinched_square
D:12:     layout_rooms, uniq_maurice, uniq_fannar
D:13:     layout_loops_cross, portal_ice_cave_entry_ice_simulacra,
          serial_library, serial_library_hellmonk_junction,
          serial_library_hellmonk_layered_room, serial_library_hellmonk_room_a,
          serial_library_hellmonk_octagon,
          serial_library_hellmonk_long_bookcase,
          serial_library_hellmonk_junction, serial_library_hellmonk_open_cross,
          hangedman_decor_clover_reticule
D:14:     layout_rooms, david_vaults_4, chequers_serial_rivers_micro_e,
          dk_noncrumbling_4, uniq_kirke, uniq_roxanne, uniq_snorg
D:15:     grunt_enter_depths_magical_seal, layout_loops_ring,
          biasface_ghost_orc_armoury
Temple:   minmay_temple_forest_path
Lair:1:   layout_hall_layers, beast_lair_carwin_1
Lair:2:   layout_regular_city, hellmonk_spider_entry_not_the_bees,
          grunt_megastairs_1
Lair:3:   layout_cave_shapes, minmay_shoals_entry_lonely_mermaid,
          nicolae_volcano_entry_hallway, nicolae_lair_lil_pond,
          grunt_megastairs_4
Lair:4:   wad_woods_pond, layout_regular_city, nicolae_slime_entry_slimehenge,
          st_stairs_6
Lair:5:   evilmike_catoblepas_cave, layout_regular_city, grunt_megastairs_5
Shoals:1: layout_shoals, nicolae_shoals_aquamancer_cove
Shoals:2: layout_shoals, ldierk_geyser, nicolae_shoals_beach_house_on_fowls_legs
Shoals:3: layout_shoals, nicolae_shoals_lost_giant_temple, uniq_polyphemus
Shoals:4: shoals_end_grunt_ice, layout_shoals, ebering_ghost_gozag, uniq_nikola
Spider:1: layout_spider_delve, gammafunk_ghost_tricky_traps
Spider:2: layout_spider_delve
Spider:3: layout_spider_delve, hangedman_spider_tarantella_strand, uniq_azrael
Spider:4: hellmonk_spider_rune_endless_swarm, gammafunk_ghost_split,
          nicolae_spider_checkerboard
Orc:1:    layout_diamond_mine
Orc:2:    pf_orc_diabolical, layout_diamond_mine, serial_shops,
          nicolae_shop_temple_entry_statues_fountains, shop, shop, shop,
          gammafunk_ghost_wrathful_warriors, bh_open_orc_temple
Elf:1:    eino_elf_arrival_the_gate, layout_loops_cross,
          nicolae_elf_shapeshifter_party, uniq_jorgrun
Elf:2:    nicolae_elf_blades_crystal_corner, layout_geoelf_octagon,
          serial_shops, shop, drop_trap, hangedman_elf_simple_split,
          serial_sigils_hangedman_snap
Elf:3:    minmay_elf_hall_curves, layout_gridlike, basic_altar, uniq_aizul
Vaults:1: nicolae_vaults_meiosis, vaults_mumra_chevron,
          nicolae_vaults_offset_grid_hallway_2, nicolae_vaults_sesquioval_fish,
          nicolae_vaults_mush_room, nicolae_vaults_closet_pinwheel_1,
          nicolae_vaults_gold_heap, layout_vaults_quadrants
Vaults:2: v_rooms_3, nicolae_vaults_two_Ls, grunt_vaults_diagonal,
          vaults_room_door_ring, gammafunk_sealed_arena,
          nicolae_vaults_lightning_bolt, nicolae_vaults_what_the_h,
          nicolae_vaults_network_quinsquares
          [nicolae_vaults_network_quincunx_subvault,
          nicolae_vaults_network_quincunx_subvault,
          nicolae_vaults_network_quincunx_subvault,
          nicolae_vaults_network_quincunx_subvault], nicolae_vaults_asterisk,
          nicolae_vaults_little_squares_3, nicolae_vaults_network_quincunx
          [nicolae_vaults_network_quincunx_subvault,
          nicolae_vaults_network_quincunx_subvault,
          nicolae_vaults_network_quincunx_subvault,
          nicolae_vaults_network_quincunx_subvault,
          nicolae_vaults_network_quincunx_subvault], vaults_mumra_hexcomb,
          nicolae_vaults_more_shelving_2, nicolae_vaults_trapezoid_2,
          nicolae_vaults_apartment_2, vaults_dpeg_diagonal,
          layout_vaults_omnicross, uniq_bai_suzhen
Vaults:3: nicolae_vaults_ring_of_whatevers, gammafunk_dig_for_victory,
          nicolae_vaults_mitosis, minmay_crypt_entry_simple_box,
          nicolae_vaults_apartment_2, vaults_dpeg_cross,
          vaults_dpeg_encased_lava, nicolae_vaults_double_plus_2,
          nicolae_vaults_border_crossing, layout_vaults_omnibox, serial_shops,
          nicolae_shop_pleasant_corner_grove, uniq_donald
Vaults:4: v_rooms_2, vaults_room_door_hall, v_pattern_4,
          nicolae_vaults_trapezoid_3, vaults_mumra_minichess_inversion,
          vaults_mumra_bighexcomb, hangedman_vaults_river_flow,
          nicolae_vaults_yaktaur_gun_rack, vaults_room_stairs_pillars,
          ontoclasm_vaults_ligature, layout_vaults_ring
Vaults:5
Depths:1: layout_gridville, hell_entry, ebering_dispersal_statue_hall,
          corexii_mini_fake_secret_closet, xom_teletrap_fun, grunt_megastairs_3,
          minmay_shoptagon
Depths:2: minmay_ornate_pinched, layout_long_grid, rand_demon_pan_entry_5,
          hell_entry, lemuel_tele_altar, nicolae_concentric_dashed_squares_wild
Depths:3: minmay_quantized_circle, layout_cave_pools, serial_column_ruins,
          column_ruins_corridor_dead_end, column_ruins_grid_3,
          column_ruins_grid_2, column_ruins_grid_3, column_ruins_columns_T,
          column_ruins_grid_3, hangedman_abyss_entry_splay, lightli_too_deep,
          minmay_misc_feat_square
Depths:4: evilmike_zot_entry_round, layout_basic, enter_ziggurat_e,
          nicolae_ashenzari_panopticon, serial_shops,
          nicolae_shop_competitors_out_of_business, hangedman_tar_grid_catacomb,
          uniq_jory
Zot:1:    layout_gridlike, regret_index_zotdec_decaying_basic, zot_minivault_1
Zot:2:    grunt_twist_and_shout, layout_onion_interference, skrybe_zot_glass_2
Zot:3:    layout_misc_corridors, lemuel_flame_loot_1, uniq_vv
Zot:4:    layout_onion_interference, drop_trap, regret_index_zotdec_banners
Zot:5:    layout_basic

Skill      XL: |  1  2  3  4  5  6  7  8  9 10 11 12 13 14 15 16 17 18 19 20 21 22 23 24 25 26 27 |
---------------+----------------------------------------------------------------------------------+-----
Axes           | 3 4 |  4.6
Polearms       | 3 4 6 9 11 13 14 | 14.7
Throwing       | 1 |  1.0
Evocations     | 3 4 8 10 15 20 22 27 | 27.0
Fighting       | 5 7 10 14 15 16 19 20 23 25 27 | 27.0
Armour         | 5 8 10 11 13 15 16 | 16.0
Dodging        | 5 10 11 13 15 16 18 21 24 | 24.7
Stealth        | |  4.1

Action                     |  1- 3 |  4- 6 |  7- 9 | 10-12 | 13-15 | 16-18 | 19-21 | 22-24 | 25-27 || total
---------------------------+-------+-------+-------+-------+-------+-------+-------+-------+-------++-------
  Melee: Hand axe          |    36 |    45 |       |       |       |       |       |       |       ||    81
         Whip              |    33 |    29 |       |       |       |       |       |       |       ||    62
         Demon trident     |       |    67 |   192 |   373 |   770 |  1457 |  2313 |  2781 |  2491 || 10444
         Dagger            |       |    32 |   138 |    63 |       |       |       |       |       ||   233
         Trident           |       |       |       |   251 |   741 |   818 |       |       |       ||  1810
  Throw: Dart              |       |       |    12 |     2 |       |    15 |     2 |       |       ||    31
         Throwing net      |       |       |     1 |       |       |       |       |     2 |       ||     3
         Boomerang         |       |       |       |       |       |     1 |       |     1 |     1 ||     3
 Invoke: Berserk           |       |       |       |     8 |    15 |    16 |    13 |    17 |    18 ||    87
         Trog's Hand       |       |       |       |       |       |    11 |     4 |     5 |     6 ||    26
         Brothers in Arms  |       |       |       |       |       |       |       |     2 |     2 ||     4
  Evoke: Wand              |       |       |     4 |     7 |       |    12 |     6 |     2 |    23 ||    54
         Condenser vane    |       |       |       |       |       |     3 |     1 |       |     1 ||     5
         Box of beasts     |       |       |       |       |       |     1 |       |     3 |     1 ||     5
         Phantom mirror    |       |       |       |       |       |       |       |       |     1 ||     1
    Use: Potion            |     2 |       |     1 |     1 |       |     8 |     2 |       |    19 ||    33
         Scroll            |     1 |       |     7 |    18 |    10 |    11 |     3 |    13 |    17 ||    80
   Stab: Sleeping          |     5 |    13 |     3 |       |       |       |       |       |       ||    21
         Distracted        |       |     1 |       |     1 |       |     1 |       |     1 |     2 ||     6
         Held in net/web   |       |       |     1 |       |       |       |       |       |       ||     1
         Petrified         |       |       |       |       |     4 |       |       |       |       ||     4
         Invisible         |       |       |       |       |       |       |     6 |       |       ||     6
 Armour: Leather armour    |    17 |    12 |       |       |       |       |       |       |       ||    29
         Animal skin       |       |    19 |       |       |       |       |       |       |       ||    19
         Scale mail        |       |    14 |   114 |   145 |     4 |       |       |       |       ||   277
         Skin              |       |       |     1 |       |     2 |       |       |       |       ||     3
         Plate armour      |       |       |       |    17 |       |   595 |   226 |       |       ||   838
         Storm dragon scal |       |       |       |    35 |   340 |    91 |   372 |   668 |       ||  1506
         Gold dragon scale |       |       |       |       |       |       |       |   171 |   821 ||   992
  Dodge: Dodged            |    25 |    50 |    76 |   123 |   289 |   584 |   502 |   663 |   440 ||  2752

Table legend: (Time is in decaauts)
 A = Elapsed time spent in this place.
 B = Non-inter-level travel time spent in this place.
 C = Inter-level travel time spent in this place.
 D = Time resting spent in this place.
 E = Time spent auto-exploring this place.
 F = Levels seen in this place.
 G = Mean time per level.
                   A        B        C        D        E       F      G
               +--------+--------+--------+--------+--------+-----+--------+
         Total |  69446 |  64233 |   5213 |  22147 |  27834 |  53 | 1310.3 |
       Dungeon |  20031 |  17624 |   2407 |   5469 |   8967 |  15 | 1335.4 |
        Temple |     72 |      2 |     70 |      0 |      0 |   1 |   72.0 |
          Lair |   6312 |   5843 |    469 |   1279 |   3499 |   5 | 1262.4 |
        Shoals |   5354 |   5133 |    221 |   1886 |   2008 |   4 | 1338.5 |
   Spider Nest |   5172 |   4980 |    192 |   2060 |   1749 |   4 | 1293.0 |
  Orcish Mines |   1703 |   1498 |    205 |    248 |    861 |   2 |  851.5 |
   Elven Halls |   3542 |   3367 |    175 |    649 |   1894 |   3 | 1180.7 |
        Vaults |   8906 |   8292 |    614 |   2269 |   3675 |   5 | 1781.2 |
        Depths |   5974 |   5475 |    499 |   1907 |   2482 |   4 | 1493.5 |
           Zot |  10628 |  10271 |    357 |   5757 |   2365 |   5 | 2125.6 |
         Abyss |    456 |    456 |      0 |     21 |     75 |   2 |  228.0 |
      Ice Cave |    582 |    582 |      0 |    422 |     31 |   1 |  582.0 |
       Volcano |    164 |    164 |      0 |      0 |    101 |   1 |  164.0 |
      Gauntlet |    544 |    544 |      0 |    176 |    124 |   1 |  544.0 |
               +--------+--------+--------+--------+--------+-----+--------+

Top non-repeatable levels by time:
   Zot:5: 3918 daAuts
     D:7: 2215 daAuts
   Zot:1: 2170 daAuts
Vaults:2: 2106 daAuts
   Zot:3: 2078 daAuts
     D:3: 1968 daAuts
  Lair:5: 1902 daAuts
    D:13: 1866 daAuts
     D:8: 1863 daAuts
Vaults:1: 1859 daAuts
Shoals:4: 1853 daAuts
Spider:4: 1844 daAuts
Depths:3: 1821 daAuts
Vaults:3: 1770 daAuts
Vaults:5: 1767 daAuts
